 Dungeon Crawl Stone Soup version 0.19.1 (webtiles) character file.

2341 JeffiDaFish the Basher (level 9, -1/49 HPs)
             Began as a Gargoyle Fighter on Dec 8, 2016.
             Was a Believer of Makhleb.
             Slain by an orc
             ... wielding a +0 whip
              (2 damage)
             ... on level 6 of the Dungeon.
             The game lasted 00:15:47 (4532 turns).

JeffiDaFish the Basher (Gargoyle Fighter)           Turns: 4532, Time: 00:15:49

Health: -1/49      AC: 28    Str: 16 (18) XL:     9   Next: 43%
Magic:  9/9        EV:  6    Int:  7 (10) God:    Makhleb [**....]
Gold:   222        SH: 10    Dex:  8 (11) Spells: 0 memorised, 8 levels left

rFire  . . .     SeeInvis .     g - +1 flail (protect)
rCold  . . .     Gourm    .     k - +0 chain mail
rNeg   + . .     Faith    .     c - +0 shield
rPois  ∞         Spirit   .     (no helmet)
rElec  +         Reflect  .     j - +0 cloak
rCorr  .         Harm     .     (no gloves)
MR     .....                    b - +0 pair of boots
Stlth  ..........               (no amulet)
                                (no ring)
                                i - +3 ring of protection

@: protection aura
A: frail 1, negative energy resistance 1, electricity resistance, weak 1,
unbreathing, petrification resistance, rot immunity, AC +5
a: Minor Destruction, Renounce Religion


You were on level 6 of the Dungeon.
You worshipped Makhleb.
Makhleb was pleased with you.
You were not hungry.

You visited 2 branches of the dungeon, and saw 7 of its levels.

You collected 222 gold pieces.

Inventory:

Hand Weapons
 g - a +1 flail of protection (weapon)
Armour
 b - a +0 pair of boots (worn)
 c - a +0 shield (worn)
 j - a +0 cloak (worn)
 k - a +0 chain mail (worn)
Jewellery
 i - a +3 ring of protection (left hand)
Wands
 n - a wand of paralysis (8/24)
Scrolls
 e - 3 scrolls of identify
 l - a scroll of teleportation
Potions
 d - a potion of might
Comestibles
 a - a beef jerky
 f - 5 bread rations
 h - 3 fruits
 m - 7 chunks of flesh


   Skills:
 + Level 5.7 Fighting
 + Level 8.4 Maces & Flails
 + Level 5.9 Armour
 + Level 2.0 Dodging
 + Level 0.8 Stealth
 + Level 7.6 Shields


You had 8 spell levels left.
You didn't know any spells.

Dungeon Overview and Level Annotations

Branches:
Dungeon (6/15)             Temple (1/1) D:4

Altars:
Ashenzari
Cheibriados
Dithmenos
Elyvilon
Gozag
Hepliaklqana
Kikubaaqudgha
Makhleb
Nemelex Xobeh
Okawaru
Qazlal
Ru
Sif Muna
Trog
Uskayaw
Vehumet
Xom
Yredelemnul
Zin
The Shining One

Shops:
D:5 [


Innate Abilities, Weirdness & Mutations

You are resistant to torment.
Your stone body is resilient. (AC +5)
You are immune to poison.
You resist negative energy. (rN+)
You are resistant to electric shocks. (rElec)
You can survive without breathing.
You are immune to petrification.
You are immune to rotting.
You are frail. (-10% HP)
You are weak. (Str -2)


Message History

The orc warrior is severely wounded.
The adder bites you but does no damage. You block the orc warrior's attack.
The orc hits you but does no damage. x2; You block the adder's attack.
You thump the orc warrior!
The orc warrior is almost dead.
The orc warrior hits you but does no damage.
The adder bites you but does no damage. You block the orc's attack.
The orc hits you but does no damage.
You closely miss the orc warrior.
The orc warrior is almost dead.
The adder bites you but does no damage. You block the orc warrior's attack.
The orc closely misses you. x2
Your chain mail prevents you from hitting the orc warrior.
The orc warrior is almost dead.
The adder bites you.
* * * LOW HITPOINT WARNING * * *
The orc warrior hits you with a trident!
* * * LOW HITPOINT WARNING * * *
The orc hits you with a whip.
You die...

# ............ .
...........## .
............ .
...........# .
...........# #
...........#
........#......So?..##
........###....o@o...#
.........##..........#
.........##....[.....##+
.........##.)...........
#.......[##.............
#........##(............
#........'..............
.........##..........##.
.....######..........#


You could see an orc warrior, an adder and 2 orcs.

Vanquished Creatures
  Sigmund (D:3)
  Eustachio (D:6)
  Edmund (D:5)
  2 ice beasts (D:5)
  2 centaurs
  3 ogres
  The ghost of kiba the Shooter, an amateur HuHu (D:3)
  Blork the orc (D:5)
  2 scorpions (D:5)
  A howler monkey (D:5)
  4 centaur zombies (D:5)
  2 hounds
  2 jellies (D:5)
  3 orc priests
  5 orc wizards
  A centaur skeleton (D:5)
  4 worker ants
  Terence (D:3)
  A hound zombie (D:5)
  2 hound skeletons
  3 howler monkey zombies (D:5)
  2 worker ant zombies (D:5)
  3 adders
  15 gnolls
  An adder skeleton (D:5)
  3 worms
  4 dart slugs
  4 leopard geckos
  26 orcs
  4 bats
  5 giant cockroaches
  10 hobgoblins
  7 jackals
  2 quokkas
  4 ball pythons
  8 frilled lizards
  A giant cockroach zombie (D:5)
  9 goblins
  A jackal zombie (D:5)
  8 kobolds
  3 leopard gecko skeletons
  A quokka skeleton (D:5)
  A quokka zombie (D:5)
  10 rats
175 creatures vanquished.

Notes
Turn   | Place    | Note
-------+----------+-------------------------------------------
     0 | D:1      | JeffiDaFish the Gargoyle Fighter began the quest for the Orb.
     0 | D:1      | Reached XP level 1. HP: 14/14 MP: 1/1
   107 | D:1      | Reached XP level 2. HP: 16/19 MP: 2/2
   368 | D:1      | Reached XP level 3. HP: 21/23 MP: 3/3
   858 | D:2      | Reached skill level 3 in Maces & Flails
   999 | D:2      | Reached XP level 4. HP: 28/28 MP: 4/4
  1585 | D:3      | Found a stormy altar of Qazlal.
  1587 | D:3      | Found a radiant altar of Vehumet.
  1604 | D:3      | Reached XP level 5. HP: 27/32 MP: 5/5
  1612 | D:3      | Noticed Sigmund
  1639 | D:3      | Killed Sigmund
  1639 | D:3      | Reached skill level 4 in Maces & Flails
  1639 | D:3      | Reached skill level 1 in Dodging
  1639 | D:3      | Reached XP level 6. HP: 32/38 MP: 6/6
  1709 | D:3      | Found a sparkling altar of Nemelex Xobeh.
  1729 | D:3      | Found a shadowy altar of Dithmenos.
  1731 | D:3      | Found a shattered altar of Ashenzari.
  1968 | D:3      | Noticed kiba's ghost (amateur HuHu)
  2004 | D:3      | Killed kiba's ghost
  2004 | D:3      | Reached skill level 5 in Maces & Flails
  2004 | D:3      | Reached XP level 7. HP: 32/43 MP: 7/7
  2286 | D:3      | Reached skill level 5 in Shields
  2382 | D:3      | Noticed Terence
  2397 | D:3      | Killed Terence
  2599 | D:4      | Found a staircase to the Ecumenical Temple.
  2623 | Temple   | Entered the Ecumenical Temple
  2680 | Temple   | Became a worshipper of Makhleb the Destroyer
  2827 | D:4      | Gained mutation: You are frail. (-10% HP) [potion of mutation]
  2827 | D:4      | Gained mutation: You are weak. (Str -2) [potion of mutation]
  3181 | D:5      | Entered Level 5 of the Dungeon
  3209 | D:5      | Reached skill level 5 in Armour
  3209 | D:5      | Reached XP level 8. HP: 18/43 MP: 8/8
  3216 | D:5      | Reached skill level 6 in Maces & Flails
  3446 | D:5      | Reached * piety under Makhleb
  3487 | D:5      | Noticed Blork the orc
  3508 | D:5      | Killed Blork the orc
  3508 | D:5      | Reached skill level 7 in Maces & Flails
  3592 | D:5      | Reached skill level 5 in Fighting
  3620 | D:5      | Noticed Edmund
  3654 | D:5      | Killed Edmund
  3710 | D:5      | Found Fodwiugo's Armour Boutique.
  3825 | D:5      | Reached XP level 9. HP: 48/48 MP: 9/9
  4021 | D:5      | Reached skill level 8 in Maces & Flails
  4331 | D:6      | Noticed Eustachio
  4367 | D:6      | Killed Eustachio
  4518 | D:6      | Reached ** piety under Makhleb
  4532 | D:6      | HP: 1/49 [orc warrior/trident (12)]
  4532 | D:6      | Slain by an orc

Skill      XL: |  1  2  3  4  5  6  7  8  9 |
---------------+----------------------------+-----
Maces & Flails | 3 4 5 7 8 |  8.4
Armour         | 4 5 |  5.9
Shields        | 4 5 6 7 |  7.6
Dodging        | 1 2 |  2.0
Fighting       | 4 5 |  5.7
Stealth        | |  0.8

Action                   |  1- 3 |  4- 6 |  7- 9 || total
-------------------------+-------+-------+-------++-------
Melee: Flail             |   184 |   257 |   527 ||   968
  Use: Scroll            |     3 |     5 |     5 ||    13
       Potion            |     2 |     1 |     5 ||     8
  Eat: Chunk             |     1 |     4 |     9 ||    14
Armor: Scale mail        |   113 |       |       ||   113
       Chain mail        |       |   211 |   375 ||   586
Dodge: Dodged            |    81 |    68 |   138 ||   287
Block: Shield            |   127 |   151 |   336 ||   614
